AoeStats
← Aquamoo♥

Fortress

507609873Analyzed
3v3 RM · 13d ago on Sep 19, 2026· 65m 25s· 6 players
Game mode
Random Map
Map size
Large (8 player)
Population
200
Speed
Normal
Resources
Standard
Victory
Conquest
Starting age
Dark Age
Ending age
Imperial Age
RankedLock teamsTeams togetherTeam positionsShared explorationLock speedFull tech treeHidden civsTurbo modeCheats
Victory
Defeat
🇺🇸 Burgundians · United States
1214
+13
🇺🇸 Mongols · United States
1208
+14
🇺🇸 Vikings · United States
1170
+15
🇺🇸 Mongols · United States
1191
-15
🇺🇸 Berbers · United States
1173
-15
🇺🇸 Cumans · United States
1104
-12
NinjaEskimo012
6:21 Feudal Age
6:58 Double-Bit Axe
7:03 Horse Collar
17:16 Castle Age
15:05 Loom
16:49 Scale Barding Armor
16:54 Forging
16:57 Bloodlines
17:48 Wheelbarrow
16:58 Town Watch
22:49 Hand Cart
23:06 Heavy Plow
23:18 Bow Saw
25:21 Chain Barding Armor
25:37 Iron Casting
27:44 Imperial Age
27:36 Steppe Husbandry
30:53 Chain Barding Armor
31:08 Iron Casting
30:42 Light Cavalry
32:09 Hoardings
31:56 Conscription
32:53 Elite Steppe Lancer
35:57 Plate Barding Armor
36:43 Hussar
38:27 Blast Furnace
38:21 Gold Mining
38:22 Stone Mining
39:28 Caravan
44:36 Cavalier
47:58 Fletching
59:42 Crop Rotation
62:40 Paladin
Aquamoo♥
8:47 Feudal Age
9:46 Double-Bit Axe
10:13 Loom
10:23 Horse Collar
12:45 Castle Age
10:32 Loom
18:52 Heavy Plow
19:04 Bow Saw
19:12 Town Watch
20:04 Wheelbarrow
22:26 Thumb Ring
22:45 Ballistics
23:36 Fortified Wall
23:25 Fletching
24:44 Bodkin Arrow
25:30 Stone Mining
26:09 Padded Archer Armor
27:41 Leather Archer Armor
28:36 Gold Mining
31:40 Kasbah
33:10 Man-at-Arms
33:53 Scale Mail Armor
36:32 Imperial Age
34:16 Long Swordsman
35:14 Chain Mail Armor
36:15 Squires
36:28 Forging
36:56 Hand Cart
36:44 Town Patrol
37:53 Gold Shaft Mining
36:47 Two-Handed Swordsman
38:06 Bracer
38:40 Plate Mail Armor
39:34 Iron Casting
38:57 Champion
40:12 Ring Archer Armor
41:47 Blast Furnace
41:48 Pikeman
42:55 Elite Camel Archer
46:14 Arson
48:04 Maghrebi Camels
49:51 Conscription
50:38 Caravan
54:38 Husbandry
54:59 Bloodlines
60:21 Chemistry
59:51 Guilds
Lost Penguin
9:08 Feudal Age
10:31 Horse Collar
13:19 Castle Age
11:53 Double-Bit Axe
13:32 Loom
17:20 Fletching
18:27 Bodkin Arrow
18:34 Padded Archer Armor
19:54 Wheelbarrow
20:45 Ballistics
21:24 Husbandry
25:17 Hand Cart
32:44 Imperial Age
31:22 Bloodlines
30:34 Light Cavalry
31:42 Heavy Plow
31:55 Bow Saw
31:58 Scale Barding Armor
32:03 Forging
32:11 Leather Archer Armor
32:58 Hussar
34:50 Chain Barding Armor
34:46 Hussar
36:30 Heavy Camel Rider
37:46 Conscription
41:30 Town Watch
43:19 Iron Casting
50:18 Elite Skirmisher
51:47 Thumb Ring
52:27 Bracer
llamalord
7:58 Feudal Age
11:43 Castle Age
10:27 Double-Bit Axe
10:46 Loom
11:17 Fletching
11:24 Gold Mining
12:36 Bow Saw
14:57 Bodkin Arrow
15:55 Horse Collar
18:52 Ballistics
21:14 Heavy Plow
22:22 Husbandry
23:46 Stone Mining
25:07 Elite Skirmisher
29:27 Wheelbarrow
28:37 Town Watch
29:10 Padded Archer Armor
29:57 Gold Shaft Mining
30:00 Stone Shaft Mining
32:54 Imperial Age
32:38 Bloodlines
31:50 Light Cavalry
34:29 Bracer
36:11 Chemistry
35:48 Parthian Tactics
35:18 Heavy Scorpion
36:55 Conscription
37:01 Leather Archer Armor
39:10 Drill
40:55 Hussar
41:41 Scale Barding Armor
41:46 Forging
41:52 Elite Mangudai
43:47 Hand Cart
43:32 Town Patrol
47:58 Coinage
48:55 Capped Ram
50:25 Banking
50:11 Siege Ram
52:26 Thumb Ring
58:53 Fortified Wall
59:27 Caravan
62:47 Chain Barding Armor
63:03 Iron Casting
AquilaMaximus
8:04 Feudal Age
12:16 Castle Age
10:27 Double-Bit Axe
10:26 Horse Collar
11:25 Gold Mining
15:34 Scale Mail Armor
15:39 Squires
16:27 Forging
16:09 Loom
16:42 Bow Saw
18:42 Iron Casting
19:55 Chain Mail Armor
22:19 Chieftains
28:42 Imperial Age
27:35 Fletching
27:46 Padded Archer Armor
27:56 Elite Skirmisher
28:36 Bodkin Arrow
29:25 Leather Archer Armor
29:39 Bracer
30:11 Ballistics
31:24 Conscription
31:40 Crossbowman
33:06 Ring Archer Armor
32:55 Fortified Wall
33:54 Arbalester
36:25 Murder Holes
39:26 Gold Shaft Mining
41:38 Bogsveigar
42:16 Hoardings
41:55 Masonry
42:47 Chemistry
44:41 Caravan
44:38 Pikeman
46:21 Blast Furnace
45:51 Plate Mail Armor
45:12 Treadmill Crane
45:38 Siege Engineers
47:37 Heavy Plow
49:24 Two-Man Saw
48:55 Crop Rotation
49:35 Architecture
49:47 Arson
52:37 Coinage
53:05 Elite Berserk
54:45 Town Watch
54:33 Man-at-Arms
54:58 Gambesons
55:19 Guard Tower
55:28 Long Swordsman
56:23 Two-Handed Swordsman
58:35 Banking
57:42 Capped Ram
58:46 Stone Mining
58:52 Champion
62:19 Town Patrol
Great Commander
7:42 Feudal Age
6:12 Double-Bit Axe
6:15 Horse Collar
11:55 Castle Age
10:26 Bow Saw
10:46 Heavy Plow
20:14 Two-Man Saw
19:25 Loom
20:20 Crop Rotation
21:04 Wheelbarrow
20:45 Scale Barding Armor
20:51 Forging
20:39 Gold Mining
20:42 Stone Mining
22:32 Gold Shaft Mining
22:35 Stone Shaft Mining
22:42 Hand Cart
22:14 Town Watch
24:34 Burgundian Vineyards
24:43 Husbandry
25:53 Chain Barding Armor
26:09 Iron Casting
28:02 Cavalier
32:20 Imperial Age
31:16 Town Patrol
32:20 Fortified Wall
32:58 Coinage
32:39 Guilds
33:01 Masonry
33:47 Plate Barding Armor
34:13 Blast Furnace
32:36 Paladin
32:56 Light Cavalry
34:51 Fletching
35:34 Architecture
34:46 Treadmill Crane
35:27 Ballistics
36:09 Banking
35:56 Hussar
38:58 Caravan
39:11 Bodkin Arrow
40:19 Chemistry
39:15 Murder Holes
41:31 Bracer
46:29 Conscription
47:03 Elite Coustillier
48:20 Hoardings
58:36 Scale Mail Armor
59:15 Squires
59:00 Arson
58:36 Pikeman
60:25 Halberdier
64:38 Padded Archer Armor
64:55 Chain Mail Armor
Connection lost

Rejoining the realm…

Still unreachable

The connection could not be restored.

Session expired

The server has moved on; the page needs a fresh start.